 Dungeon Crawl Stone Soup version 0.30-a0-1085-g990a428a5c (webtiles) character file.

Game seed: 14660248276041222704

1229 FlurksSlurper the Shooter (level 8, -6/90 HPs)
             Began as a Demonspawn Gladiator on Apr 16, 2023.
             Killed by divine providence
             ... invoked by an orc priest
              (13 damage)
             ... on level 6 of the Dungeon.
             The game lasted 00:14:25 (4929 turns).

FlurksSlurper the Shooter (Demonspawn Gladiator)    Turns: 4929, Time: 00:14:25

Health: -6/90      AC:  1    Str: 15    XL:     8   Next: 24%
Magic:  8/8        EV: 18    Int: 12    God:
Gold:   217        SH:  5    Dex: 14    Spells: 7/7 levels left

rFire   . . .      SeeInvis +    b - +2 short sword (venom)
rCold   . . .      Faith    .    (no shield)
rNeg    + . .      Spirit   .    u - +2 robe "Ohydd" {+Blink Slay+2}
rPois   .          Reflect  +    (helmet unavailable)
rElec   .          Rampage  .    (no cloak)
rCorr   .                        E - +0 pair of gloves
Will    .....                    (no boots) Stlth
                                 B - amulet of reflection
HPRegen 0.35/turn                e - ring of positive energy
MPRegen 0.11/turn                C - ring of see invisible

@: mighty, agile, berserking (expiring), corroded, very quick
A: antennae 3, powered by pain 2
a: Evoke Blink


You were on level 6 of the Dungeon.
You visited 1 branch of the dungeon, and saw 6 of its levels.

You collected 217 gold pieces.

Inventory:

Hand Weapons
 a - a +0 shortbow
 b - a +2 short sword of venom (weapon)
 z - a +3 dagger
Missiles
 c - 3 throwing nets (quivered)
 d - a javelin
 I - 2 poisoned darts
Armour
 q - a +0 plate armour
 r - a +0 tower shield
 u - the +2 robe "Ohydd" (worn) {+Blink Slay+2}
   (You found it on level 3 of the Dungeon)

   Slay:      It affects your accuracy & damage with ranged weapons and melee
   (+2).
   +Blink:    It lets you blink.
 v - the +1 ring mail of Dyspraxia {rF+ Str+5}
   (You found it on level 3 of the Dungeon)

   Str:       It affects your strength (+5).
   rF:        It protects you from fire.
 E - a +0 pair of gloves (worn)
Jewellery
 e - a ring of positive energy (left hand)
 t - an amulet of the acrobat
 B - an amulet of reflection (around neck)
 C - a ring of see invisible (right hand)
 H - a ring of poison resistance
Wands
 F - a wand of roots (3)
Scrolls
 f - a scroll of amnesia {unknown}
 j - a scroll of enchant armour {unknown}
 k - 3 scrolls of identify
 m - a scroll of summoning {unknown}
 n - a scroll of fear {unknown}
 w - 2 scrolls of magic mapping {unknown}
 A - a scroll of blinking
Potions
 g - a potion of magic {unknown}
 h - 2 potions of might {unknown}
 i - 2 potions of berserk rage
 l - 2 potions of heal wounds {unknown}
 o - a potion of brilliance {unknown}
 p - 2 potions of curing {unknown}
 s - a potion of invisibility {unknown}
 D - a potion of haste {unknown}
 G - a potion of mutation {unknown}


   Skills:
 * Level 3.9 Fighting
 * Level 2.1 Short Blades
 * Level 6.6 Ranged Weapons
 + Level 1.9 Throwing
 + Level 1.3 Armour
 + Level 4.0 Dodging
 + Level 1.2 Stealth
 + Level 0.2 Shields
 + Level 3.3 Unarmed Combat


You had 7 spell levels left.
You didn't know any spells.
Your spell library contained the following spells:

 Spells                   Type           Power      Damage    Failure   Level
 Sandblast                Erth           0%         2d4       32%         1
 Slow                     Hex            0%         N/A       32%         1
 Blink                    Tloc           0%         N/A       45%         2
 Lesser Beckoning         Tloc           0%         N/A       45%         2
 Momentum Strike          Conj/Tloc      0%         3d8       45%         2
 Passwall                 Tmut/Erth      0%         N/A       45%         2
 Scorch                   Fire           0%         2d5       45%         2
 Static Discharge         Conj/Air       0%         2-2/arc   45%         2
 Confusing Touch          Hex            0%         N/A       69%         3
 Portal Projectile        Hex/Tloc       0%         N/A       69%         3
 Stone Arrow              Conj/Erth      0%         3d7       69%         3
 Vampiric Draining        Necr           0%         2d6       69%         3
 Airstrike                Air            0%         2d(0-16)  97%         4
 Flame Wave               Conj/Fire      0%         2d4       97%         4
 Summon Lightning Spire   Summ/Air       0%         N/A       97%         4
 Summon Cactus Giant      Summ           0%         N/A       100%        6
 Summon Hydra             Summ           0%         N/A       100%        7


Dungeon Overview and Level Annotations

Branches:
Dungeon (6/15)
 Temple: D:4-7

Altars:
Cheibriados
Hepliaklqana

Shops:
D:4 =

Annotations:
D:6 Grinder


Innate Abilities, Weirdness & Mutations

You have a pair of large antennae on your head. (SInv)
You sometimes gain power by taking damage.


Message History

The orc priest misses you. The jelly hits you but does no damage.
Unknown command.
You barely miss the ogre. The ogre hits you with a +0 giant club!
* * * LOW HITPOINT WARNING * * *
You focus on the pain.
You feel very mighty all of a sudden.
The orc priest hits you from afar with a +0 trident.
* * * LOW HITPOINT WARNING * * *
You block the jelly's attack.
It was a potion of berserk rage.
A red film seems to cover your vision as you go berserk!
You feel yourself moving faster!
You feel mighty! The ogre misses you.
The orc priest calls down the wrath of Beogh upon you.
Beogh smites you!
* * * LOW HITPOINT WARNING * * *
You focus on the pain.
You feel agile all of a sudden. The jelly completely misses you.
You hear a shout!
You puncture the ogre!
The ogre looks as sick as possible!
The ogre is heavily wounded.
You puncture the ogre!
The ogre is almost dead.
You block the orc priest's attack. The jelly misses you.
You barely miss the ogre.
The ogre is almost dead.
The ogre misses you.
You puncture the ogre!
You kill the ogre!
The orc priest misses you. The jelly barely misses you.
Your Dodging skill increases to level 4!
You puncture the jelly!
You kill the jelly!
An orc priest comes into view. It is wielding a +0 short sword.
The orc priest shouts!
Unknown command.
You barely miss the orc priest.
The orc priest invokes the aid of Beogh against you.
Beogh smites you!
You die...

...!..##......$..# #....#
......#..........###....#
........##.............#
...................<..##
................#.##..#
>..............#####.##
........†..##### ###
........##5###
.....#..#.@o.#
....##..###.## #..# ##.#
.o# ##. .....o# # .......
.o..... .#......
..#..#..#


You could see Grinder, 2 orc priests and an orc.

Vanquished Creatures
  A black bear (D:4)
  An ogre (D:6)
  3 phantoms
  A scorpion (D:5)
  5 jellies
  6 hounds
  4 iguanas (D:5)
  2 orc wizards (D:5)
  Robin (D:3)
  11 adders
  3 gnolls (D:4)
  An ufetubus (D:5)
  5 dart slugs
  13 orcs
  11 endoplasms
  3 giant cockroaches
  19 goblins
  8 hobgoblins
  6 jackals
  9 kobolds
  8 quokkas
  13 ball pythons
  5 bats
  6 frilled lizards
  3 rats
148 creatures vanquished.

Notes
Turn   | Place    | Note
-------+----------+-------------------------------------------
     0 | D:1      | FlurksSlurper the Demonspawn Gladiator began the quest for
                  | the Orb.
     0 | D:1      | Reached XP level 1. HP: 16/16 MP: 1/1
   204 | D:1      | Gained mutation: You have a pair of small antennae on your
                  | head. [demonic ancestry]
   204 | D:1      | Reached XP level 2. HP: 18/22 MP: 2/2
   520 | D:1      | Reached XP level 3. HP: 18/27 MP: 3/3
  1263 | D:2      | Reached XP level 4. HP: 33/33 MP: 4/4
  1403 | D:2      | Got the Codex of the Entourage and the Jaunt
  1656 | D:2      | Reached skill level 1 in Armour
  2001 | D:3      | Reached skill level 1 in Ranged Weapons
  2053 | D:3      | Identified the +2 robe "Ohydd" {+Blink Slay+2}
  2059 | D:3      | Identified the +1 ring mail of Dyspraxia {rF+ Str+5}
  2417 | D:3      | Reached skill level 1 in Stealth
  2417 | D:3      | Gained mutation: You have a pair of antennae on your head.
                  | [demonic ancestry]
  2417 | D:3      | Reached XP level 5. HP: 39/39 MP: 5/5
  2429 | D:3      | Reached skill level 2 in Ranged Weapons
  2748 | D:4      | Noticed Robin
  2770 | D:3      | Killed Robin
  2945 | D:4      | Reached skill level 3 in Ranged Weapons
  2985 | D:4      | Gained mutation: You sometimes gain a little power by
                  | taking damage. [demonic ancestry]
  2985 | D:4      | Reached XP level 6. HP: 42/46 MP: 6/6
  3053 | D:4      | Found Calox's Jewellery Shoppe.
  3206 | D:4      | Found a snail-covered altar of Cheibriados.
  3404 | D:4      | Reached skill level 1 in Short Blades
  3404 | D:4      | Reached skill level 4 in Ranged Weapons
  3541 | D:4      | Gained mutation: You sometimes gain power by taking damage.
                  | [demonic ancestry]
  3541 | D:4      | Reached XP level 7. HP: 26/52 MP: 7/7
  3753 | D:5      | Entered Level 5 of the Dungeon
  3968 | D:5      | Reached skill level 5 in Ranged Weapons
  4390 | D:5      | Reached skill level 6 in Ranged Weapons
  4390 | D:5      | Gained mutation: You have a pair of large antennae on your
                  | head. (SInv) [demonic ancestry]
  4390 | D:5      | Reached XP level 8. HP: 45/60 MP: 8/8
  4828 | D:5      | Found a hazy altar of Hepliaklqana.
  4837 | D:6      | Noticed Grinder
  4903 | D:6      | Paralysed by Grinder for 2 turns
  4929 | D:6      | Killed from afar by an orc priest

Illustrated notes

Levels and vault maps discovered:
D:1:      dpeg_arrival_yet_another_circle, layout_basic
D:2:      layout_loops_corners
D:3:      layout_loops_cross, minmay_close_crescents
D:4:      black_bear_nest_1, layout_basic, lemuel_doored_altar, serial_shops,
          nicolae_shop_window_shopping, uniq_robin
D:5:      layout_basic, kennysheep_mini
D:6:      layout_cave_pools, nicolae_overflow_hidden_temple,
          grunt_temple_overflow_open, temple_statues, portal_sewer_entry_b,
          uniq_grinder

Skill      XL: |  1  2  3  4  5  6  7  8 |
---------------+-------------------------+-----
Dodging        | 3 4 |  4.0
Unarmed Combat | 3 |  3.3
Armour         | 1 |  1.3
Ranged Weapons | 1 3 4 6 |  6.6
Stealth        | 1 |  1.2
Fighting       | 3 |  3.9
Short Blades   | 1 2 |  2.1
Throwing       | |  1.9
Shields        | |  0.2

Action                     |  1- 3 |  4- 6 |  7- 9 || total
---------------------------+-------+-------+-------++-------
  Melee: Unarmed           |   144 |       |       ||   144
         Short sword       |     6 |    51 |    21 ||    78
         Punch             |     1 |       |       ||     1
   Fire: Shortbow          |    36 |   171 |   156 ||   363
Ability: Evoke Blink       |       |     1 |       ||     1
    Use: Scroll            |       |       |     3 ||     3
         Potion            |       |       |     1 ||     1
 Armour: Leather armour    |    26 |       |       ||    26
         Ring mail         |    22 |       |       ||    22
         Plate armour      |       |    47 |       ||    47
         Robe              |       |    32 |    33 ||    65
  Dodge: Dodged            |   107 |   106 |    97 ||   310
  Block: Other             |       |     4 |    22 ||    26

Table legend: (Time is in decaauts)
 A = Elapsed time spent in this place.
 B = Non-inter-level travel time spent in this place.
 C = Inter-level travel time spent in this place.
 D = Time resting spent in this place.
 E = Time spent auto-exploring this place.
 F = Levels seen in this place.
 G = Mean time per level.
                   A        B        C        D        E       F      G
               +--------+--------+--------+--------+--------+-----+--------+
         Total |   5059 |   4904 |    155 |    515 |   3212 |   6 |  843.2 |
       Dungeon |   5059 |   4904 |    155 |    515 |   3212 |   6 |  843.2 |
               +--------+--------+--------+--------+--------+-----+--------+

Top non-repeatable levels by time:
     D:5: 1099 daAuts
     D:4: 1059 daAuts
     D:2: 1049 daAuts
     D:3: 965 daAuts
     D:1: 834 daAuts
     D:6: 52 daAuts
